 Dungeon Crawl Stone Soup version 0.22.1-1-ga44c0e56f4 (webtiles) character file.

187 Peloso the Shield-Bearer (level 5, -6/47 HPs)
             Began as a Minotaur Fighter on Oct 18, 2018.
             Mangled by Edmund
             ... wielding a +4 flail of holy wrath
              (11 damage)
             ... on level 4 of the Dungeon.
             The game lasted 00:04:21 (1808 turns).

Peloso the Shield-Bearer (Minotaur Fighter)         Turns: 1808, Time: 00:04:22

Health: -6/47      AC:  7    Str: 20    XL:     5   Next: 39%
Magic:  4/4        EV:  8    Int:  5    God:
Gold:   137        SH: 10    Dex: 11    Spells: 4/4 levels left

rFire    . . .     SeeInvis .   a - +0 long sword
rCold    . . .     Gourm    .   c - +0 shield
rNeg     . . .     Faith    .   b - +0 scale mail
rPois    .         Spirit   .   (helmet restricted)
rElec    .         Reflect  .   (no cloak)
rCorr    .         Harm     .   (no gloves)
MR       .....                  (no boots)
Stlth    ..........             (no amulet)
HPRegen  0.15/turn              h - ring of attention (curse)
MPRegen  0.09/turn              (no ring)

@: no status effects
A: retaliatory headbutt, horns 2
a: no special abilities


You were on level 4 of the Dungeon.
You were not hungry.

You visited 1 branch of the dungeon, and saw 4 of its levels.

You collected 137 gold pieces.

Inventory:

Hand Weapons
 a - a +0 long sword (weapon)
Armour
 b - a +0 scale mail (worn)
 c - a +0 shield (worn)
 o - a +0 cloak
Jewellery
 h - a cursed ring of attention (left hand)
Scrolls
 e - 3 scrolls of identify {unknown}
 g - 2 scrolls of enchant armour {unknown}
 k - a scroll of amnesia {unknown}
 l - a scroll of teleportation {unknown}
 m - a scroll of remove curse {unknown}
 r - a scroll of blinking {unknown}
Potions
 d - a potion of might
 i - 2 potions of curing {unknown}
 j - a potion of resistance {unknown}
 n - a potion of heal wounds {unknown}
 q - a potion of lignification {unknown}
Comestibles
 f - 7 rations
 p - a chunk of flesh


   Skills:
 + Level 4.5 Fighting
 + Level 4.0 Long Blades
 + Level 4.3 Armour
 + Level 1.6 Dodging
 + Level 0.5 Stealth
 + Level 5.0 Shields


You had 4 spell levels left.
You didn't know any spells.
Your spell library contained the following spells:

 Spells                   Type           Power        Failure   Level  Hunger
 Animate Skeleton         Necr           N/A          99%         1    ##.....
 Apportation              Tloc           #.....       99%         1    ##.....
 Confusing Touch          Hex            #.....       99%         1    ##.....
 Summon Small Mammal      Summ           #...         99%         1    ##.....


Dungeon Overview and Level Annotations

Branches:
Dungeon (4/15)
 Temple: D:4-7

Altars:
Makhleb
Qazlal

Annotations:
D:4 1 runed door, Edmund; H0rd4k's ghost, amateur HuAr


Innate Abilities, Weirdness & Mutations

You reflexively headbutt those who attack you in melee.
You have a pair of horns on your head.


Message History

Your shield and scale mail prevent you from hitting Edmund.
Edmund is severely wounded.
Edmund barely misses you.
You hit Edmund but do no damage. You headbutt Edmund, but do no damage.
Edmund is severely wounded.
Edmund hits you with a flail of holy wrath!
* * * LOW HITPOINT WARNING * * *
You closely miss Edmund.
Edmund is severely wounded.
Edmund says, "You wouldn't believe how much I paid for this flail."
Edmund hits you with a flail of holy wrath.
* * * LOW HITPOINT WARNING * * *
You hit Edmund but do no damage.
Edmund is severely wounded.
Edmund says, "People will remember me!
They'll remember me and die!"
Edmund hits you but does no damage.
You hit Edmund but do no damage. You headbutt Edmund.
Edmund is severely wounded.
Edmund hits you with a flail of holy wrath!
You die...

#..........## ##).........#
##.........# ##........# #.
##......## ##... #
####..#### ##..... ##
###.......#### ##.......
.###...#####....###........
....#### #####@@.........
..### ###......... .##
#......... ## ###....... #
#....## #.### ..# #..# .#


You could see Edmund.

Vanquished Creatures
  A centaur skeleton (D:4)
  Crazy Yiuf (D:3)
  A worker ant (D:4)
  A hound skeleton (D:4)
  5 adders
  An ooze (D:1)
  A dart slug (D:1)
  2 leopard geckos
  An orc (D:4)
  3 bats
  2 giant cockroaches
  3 goblins (D:1)
  5 hobgoblins
  2 jackals (D:2)
  A quokka (D:2)
  2 frilled lizards
  7 kobolds
  6 rats
45 creatures vanquished.

Notes
Turn   | Place    | Note
-------+----------+-------------------------------------------
     0 | D:1      | Peloso the Minotaur Fighter began the quest for the Orb.
     0 | D:1      | Reached XP level 1. HP: 19/19 MP: 0/0
   109 | D:1      | Reached skill level 4 in Shields
   109 | D:1      | Reached XP level 2. HP: 20/27 MP: 1/1
   666 | D:2      | Reached XP level 3. HP: 24/33 MP: 2/2
   670 | D:2      | Noticed an ogre
   720 | D:2      | Found a burning altar of Makhleb.
   720 | D:2      | Noticed a balrug
   723 | D:2      | Noticed a hellwing
   723 | D:2      | Noticed a neqoxec
   847 | D:3      | Found a stormy altar of Qazlal.
   898 | D:3      | Reached XP level 4. HP: 35/40 MP: 3/3
  1481 | D:3      | Found a runed door.
  1485 | D:3      | Noticed Crazy Yiuf
  1489 | D:3      | Killed Crazy Yiuf
  1489 | D:3      | Reached skill level 1 in Dodging
  1590 | D:4      | Reached XP level 5. HP: 40/46 MP: 4/4
  1593 | D:4      | Reached skill level 5 in Shields
  1642 | D:4      | Found a runed door.
  1651 | D:4      | Noticed H0rd4k's ghost (amateur HuAr)
  1784 | D:4      | Noticed Edmund
  1808 | D:4      | Mangled by Edmund

Skill      XL: |  1  2  3  4  5 |
---------------+----------------+-----
Shields        | 4 5 |  5.0
Fighting       | 4 |  4.5
Armour         | 4 |  4.3
Long Blades    | 3 4 |  4.0
Dodging        | 1 |  1.6
Stealth        | |  0.5

Action                   |  1- 3 |  4- 6 || total
-------------------------+-------+-------++-------
Melee: Long sword        |    93 |    53 ||   146
       Headbutt          |    16 |    13 ||    29
  Eat: Chunk             |       |     3 ||     3
Armor: Scale mail        |    56 |    16 ||    72
Dodge: Dodged            |    33 |    17 ||    50
Block: Shield            |    58 |    18 ||    76
       Rpst.: Long sword |     8 |     4 ||    12
